 Dungeon Crawl Stone Soup version 0.30-a0-465-g8901f6c8b5 (webtiles) character file.

Game seed: 18206890470182006564

10603 greenreed the Martial Artist (level 11, 0/79 HPs)
             Began as a Djinni Transmuter on Dec 17, 2022.
             Was a Follower of Ashenzari.
             Slain by a four-headed hydra (9 damage)
             ... on level 10 of the Dungeon.
             The game lasted 00:35:02 (12345 turns).

greenreed the Martial Artist (Djinni Transmuter)   Turns: 12345, Time: 00:35:02

Health: 0/79       AC:  4    Str: 13    XL:     11   Next: 96%
Gold:   534        EV: 33    Int: 14    God:    Ashenzari [*.....] SH:  3 Dex: 15

rFire   + + .      SeeInvis .      - Unarmed
rCold   x . .      Faith    .    D - +0 buckler "Visionary of Ashenzari" {Melee, Self} (curse)
rNeg    . . .      Spirit   .    u - +2 robe of the Ensconced Sophism {Archmagi, Evo, Self} (curse)
rPois   ∞          Reflect  .    (no helmet)
rElec   .          Harm     .    (no cloak)
rCorr   .          Rampage  .    (no gloves)
Will    +....      Archmagi +    (boots unavailable)
Stlth   ++........               i - amulet of the acrobat
HPRegen 0.33/turn                n - +4 ring of evasion
MPRegen 0.00/turn                (no ring)

@: acrobatic, flying
A: sickness immunity, fire resistance 2, cold vulnerability 1, float, innate
caster, HP casting, extra vitality 1
a: Renounce Religion, Curse Item, Shatter the Chains


You were on level 10 of the Dungeon.
You worshipped Ashenzari.
Ashenzari was aware of your devotion.
You visited 2 branches of the dungeon, and saw 11 of its levels.

You collected 666 gold pieces.
You spent 132 gold pieces at shops.

Inventory:

Missiles
 e - 39 poisoned darts
 v - 7 atropa-tipped darts
Armour
 a - a scarf of invisibility
 d - a +2 kite shield
 h - an orb of mayhem
 u - the cursed +2 robe of the Ensconced Sophism (worn) {Archmagi, Evo, Self}
   (You took it off Sigmund on level 4 of the Dungeon)

   It has a curse which improves the following skills: Evocations: Evocations.
   Introspection: Fighting and Spellcasting.
 C - a scarf of shadows
 D - the cursed +0 buckler "Visionary of Ashenzari" (worn) {Melee, Self}
   (You found it on level 8 of the Dungeon)

   It has a curse which improves the following skills: Melee Combat: Short
   Blades, Long Blades, Axes, Maces & Flails, Polearms, Staves and Unarmed
   Combat.
   Introspection: Fighting and Spellcasting.
Jewellery
 i - an amulet of the acrobat (around neck)
 n - a +4 ring of evasion (left hand)
Wands
 m - a wand of flame (12)
 q - a wand of roots (9)
 t - a wand of mindburst (11)
 y - a wand of charming (19)
 B - a wand of light (5)
 H - a wand of polymorph (5)
Scrolls
 g - 4 scrolls of brand weapon
 k - a scroll of magic mapping
 p - 4 scrolls of enchant armour
 r - 4 scrolls of immolation
 s - 5 scrolls of teleportation
 w - a scroll of noise
 x - 2 scrolls of fear
 z - a scroll of poison
 E - a scroll of torment
 F - a scroll of vulnerability
 I - a scroll of enchant weapon
Potions
 b - 3 potions of lignification
 c - a potion of attraction
 f - a potion of berserk rage
 j - 5 potions of heal wounds
 l - 13 potions of curing
 o - 3 potions of resistance
 A - 2 potions of cancellation
 G - a potion of might


   Skills:
 * Level 5.9(7.2) Fighting
 + Level 6.1 Dodging
 + Level 3.0 Stealth
 + Level 0.1 Shields
 * Level 13.6(14.4) Unarmed Combat
 * Level 6.8(8.1) Spellcasting


You had 3 spell levels left.
You knew the following spells:

 Your Spells              Type           Power      Damage    Failure   Level
a - Beastly Appendage     Tmut           84%        N/A       1%          1
b - Wereblood             Tmut           42%        N/A       1%          2
c - Spider Form           Tmut/Pois      42%        N/A       1%          3
d - Ice Form              Ice/Tmut       42%        N/A       6%          4
e - Magic Dart            Conj           100%       1d8       1%          1
f - Ensorcelled Hibernat  Hex/Ice        84%        N/A       1%          2
g - Kindle Blastsparks    Fire/Tloc/Air  84%        2d17      1%          3
h - Summon Guardian Gole  Hex/Summ       42%        N/A       1%          3
i - Sticky Flame          Conj/Fire      42%        2d6       6%          4
Your spell library was empty.

Dungeon Overview and Level Annotations

Branches:
Dungeon (10/15)            Temple (1/1) D:5
   Lair: D:8-11         Orc: D:9-12

Altars:
Ashenzari
Cheibriados
Dithmenos
Elyvilon
Fedhas
Gozag
Hepliaklqana
Makhleb
Nemelex Xobeh
Okawaru
Qazlal
Ru
Trog
Uskayaw
Wu Jian
Xom
Yredelemnul
Zin
The Shining One

Shops:
D:5 *   D:8 [   D:10 (*?=

Annotations:
D:10 1 runed translucent door, exclusion: 4 orange crystal statues


Innate Abilities, Weirdness & Mutations

You are immune to sickness and miasma.
You are immune to poison.
Your flesh is very heat resistant. (rF++)
You are vulnerable to cold. (rC-)
You float through the air rather than walking.
You learn spells naturally, not from books.
Your magical power is your life essence.
You have superior vitality. (+4 MHP)


Message History

Aiming: Ensorcelled Hibernation (safe; 1% risk of failure)
Press: ? - help, Shift-Dir - straight line, f/p - four-headed hydra
Aim: a four-headed hydra (chance to affect: 32%)
You feel a surge of power!
The four-headed hydra looks drowsy...
Casting: Ensorcelled Hibernation (safe; 1% risk of failure)
Confirm with . or Enter, or press ? or * to list all spells.
Aiming: Sticky Flame (dangerous; 6% risk of failure)
Press: ? - help, Shift-Dir - straight line, f/p - four-headed hydra
Aim: a four-headed hydra (asleep)
You feel a surge of power!
The sticky flame hits the four-headed hydra!
The four-headed hydra is lightly wounded.
The four-headed hydra roars!
The four-headed hydra is covered in liquid flames!
The four-headed hydra burns!
The four-headed hydra bites you!
The four-headed hydra bites you but does no damage.
The four-headed hydra misses you.
The four-headed hydra barely misses you.
Casting: Sticky Flame (dangerous; 6% risk of failure)
Confirm with . or Enter, or press ? or * to list all spells.
You feel a surge of power!
A guardian golem appears, shielding your allies.
The four-headed hydra burns!
The four-headed hydra bites you. The four-headed hydra bites you!
* * * LOW HITPOINT WARNING * * *
The four-headed hydra completely misses you.
The four-headed hydra barely misses you.
Casting: Summon Guardian Golem (safe; 1% risk of failure)
Confirm with . or Enter, or press ? or * to list all spells.
You feel a surge of power!
A guardian golem appears, shielding your allies.
* * * LOW HITPOINT WARNING * * *
Your guardian golem disappears in a puff of smoke!
The four-headed hydra burns!
The four-headed hydra closely misses you.
The four-headed hydra barely misses you.
The four-headed hydra misses you. The four-headed hydra bites you.
* * * LOW HITPOINT WARNING * * *
The four-headed hydra burns!
The four-headed hydra bites you!
You die...

##.# #.##.#.#....####..... #.#
#.##.#.#...[...###... #.#
#.##...#....###..###. #.#
###.######..#####.##.## #.#
##.#.##....#####.#....#.
##.#######.#..##..####.#.####..#.
[.........#...#######.#.#.#......
.......##.....####.#.#.#.####..#.
#+####.##.#.#.##@)#.#.#?#.#....#.
....8#..#.#.#.#D##9#.#.#.##.##.##
...#.#....#...#§#####.#.#.#..####
.....#.##.#.#.##.#####.#.#.####..
.[$..#.##.#.#.##D#..#####.###....
.....#.##.#.#.##.#...!#####......
...#.#.##.#?#.##y#...).###.##....
....8#.##.#.#.##Y#...###..#####..
#+####......#.##...###yY###☼.####


You could see a four-headed hydra (burning, ally target) and a friendly guardian
golem (summoned).

Vanquished Creatures
  2 two-headed ogres (D:10)
  A harpy (shapeshifter) (D:10)
  Pikel (D:4)
  A manticore (D:10)
  A cyclops (D:9)
  A freezing wraith (D:10)
  2 hornets
  3 trolls (D:10)
  Sigmund (D:4)
  A basilisk (D:10)
  3 wyverns
  10 yaks
  A steam dragon (D:8)
  A vampire mosquito (D:10)
  2 water moccasins
  An acid dragon (D:10)
  3 orc warriors
  2 ice beasts (D:7)
  An ogre (D:4)
  6 centaurs
  2 lemures (D:4)
  3 kobold brigands
  2 bullfrogs (D:7)
  2 necrophages (D:5)
  2 scorpions (D:5)
  16 wights
  8 killer bees
  4 howler monkeys
  3 gnoll boudas
  3 hounds
  2 orc priests
  3 jellies (D:5)
  2 iguanas (D:4)
  4 orc wizards
  Ijyb (D:4)
  11 gnolls
  7 adders
  A shadow imp (D:5)
  2 white imps
  An ufetubus (D:7)
  2 worms
  4 dart slugs
  38 orcs
  10 endoplasms
  4 giant cockroaches
  10 goblins
  8 hobgoblins
  3 jackals (D:1)
  A quokka (D:2)
  2 training dummies (D:7)
  4 ball pythons
  6 bats
  3 frilled lizards
  25 kobolds
  8 rats
  A bush (D:10)
252 creatures vanquished.

Vanquished Creatures (others)
  A wight (D:7)
  2 plants (D:10)
3 creatures vanquished.

Grand Total: 255 creatures vanquished

Notes
Turn   | Place    | Note
-------+----------+-------------------------------------------
     0 | D:1      | greenreed the Djinni Transmuter began the quest for the
                  | Orb.
     0 | D:1      | greenreed set off with the following spells memorised:
                  | Beastly Appendage, Wereblood, Spider Form, Ice Form.
     0 | D:1      | Reached XP level 1. HP: 17/17 MP: 0/0
   153 | D:1      | Reached XP level 2. HP: 16/22 MP: 0/0
   379 | D:1      | Reached XP level 3. HP: 18/27 MP: 0/0
   379 | D:1      | Learned a level 1 spell: Magic Dart
   438 | D:1      | Reached skill level 4 in Unarmed Combat
  1307 | D:2      | Found a bloodstained altar of Trog.
  1326 | D:2      | Reached XP level 4. HP: 28/32 MP: 0/0
  1922 | D:3      | Reached XP level 5. HP: 26/37 MP: 0/0
  1922 | D:3      | Learned a level 2 spell: Ensorcelled Hibernation
  2458 | D:3      | Found an opulent altar of Gozag.
  2845 | D:4      | Reached skill level 5 in Unarmed Combat
  2914 | D:4      | Noticed an ogre
  2926 | D:4      | Killed an ogre
  2927 | D:4      | Reached XP level 6. HP: 31/43 MP: 0/0
  3074 | D:4      | Noticed Pikel
  3215 | D:4      | Reached skill level 1 in Stealth
  3232 | D:4      | Killed Pikel
  3233 | D:4      | Reached skill level 6 in Unarmed Combat
  3233 | D:4      | Reached XP level 7. HP: 14/49 MP: 0/0
  3233 | D:4      | Learned a level 3 spell: Kindle Blastsparks
  3233 | D:4      | Reached XP level 8. HP: 16/55 MP: 0/0
  3523 | D:4      | Noticed Ijyb
  3534 | D:4      | Killed Ijyb
  3716 | D:4      | Noticed Sigmund
  3734 | D:4      | Killed Sigmund
  3735 | D:4      | Reached skill level 7 in Unarmed Combat
  4017 | D:5      | Entered Level 5 of the Dungeon
  4021 | D:5      | Found Araisevyno's Assorted Antiques.
  4504 | D:5      | Found a staircase to the Ecumenical Temple.
  4534 | Temple   | Entered the Ecumenical Temple
  4751 | Temple   | Became a worshipper of Ashenzari the Shackled
  4819 | D:5      | Reached XP level 9. HP: 53/61 MP: 0/0
  4819 | D:5      | Learned a level 3 spell: Summon Guardian Golem
  4939 | D:5      | Reached skill level 8 in Unarmed Combat
  5064 | D:5      | Found an ornate altar of the Wu Jian Council.
  5071 | D:5      | Found a stormy altar of Qazlal.
  6405 | D:7      | Reached skill level 5 in Spellcasting
  6432 | D:7      | Identified the cursed +2 robe of the Ensconced Sophism
                  | {Archmagi, Evo, Self} (You took it off Sigmund on level 4
                  | of the Dungeon)
  7095 | D:7      | Reached skill level 9 in Unarmed Combat
  7346 | D:8      | Found Kiqempob's Armour Boutique.
  7408 | D:8      | Reached XP level 10. HP: 64/68 MP: 0/0
  7547 | D:8      | Reached skill level 10 in Unarmed Combat
  7726 | D:7      | Reached skill level 5 in Dodging
  8398 | D:8      | Reached skill level 11 in Unarmed Combat
  8893 | D:9      | Reached skill level 5 in Fighting
  9144 | D:9      | Noticed a cyclops
  9155 | D:9      | Killed a cyclops
  9412 | D:9      | Reached XP level 11. HP: 58/75 MP: 0/0
  9412 | D:9      | Learned a level 4 spell: Sticky Flame
  9505 | D:9      | Reached skill level 12 in Unarmed Combat
  9951 | D:9      | Reached * piety under Ashenzari
 10126 | D:9      | Identified the +11 war axe "Roen" {drain, rElec rF+ MP-9
                  | Dex+3}
 10231 | D:10     | Entered Level 10 of the Dungeon
 10231 | D:10     | Found Emy Yfui's Assorted Antiques.
 10237 | D:10     | Bought a metallic green potion for 24 gold pieces
 10237 | D:10     | Bought a fluorescent wand for 108 gold pieces
 10307 | D:10     | Identified the cursed +0 buckler "Visionary of Ashenzari"
                  | {Melee, Self} (You found it on level 8 of the Dungeon)
 10439 | D:10     | Found a snail-covered altar of Cheibriados.
 10456 | D:10     | Found Hyluanux's Jewellery Emporium.
 10475 | D:10     | Found Kylimo's Magic Scroll Boutique.
 10566 | D:10     | a raiju changed into a harpy
 10566 | D:10     | Noticed a harpy (shapeshifter)
 10576 | D:10     | Killed a harpy
 10612 | D:10     | Found a runed translucent door.
 10616 | D:10     | Found the +10 tower shield of Ignorance {rN+ Int-4}
 10644 | D:10     | Noticed an orange crystal statue
 10644 | D:10     | Noticed an orange crystal statue
 10644 | D:10     | Noticed an orange crystal statue
 10644 | D:10     | Noticed an orange crystal statue
 10660 | D:10     | Found a runed translucent door.
 10785 | D:10     | Noticed a two-headed ogre
 10810 | D:10     | Killed a two-headed ogre
 10957 | D:10     | Found a shadowy altar of Dithmenos.
 11039 | D:10     | Found Syilaus's Antique Weapon Emporium.
 11116 | D:10     | Reached skill level 13 in Unarmed Combat
 11121 | D:10     | Noticed a two-headed ogre
 11135 | D:10     | HP: 3/79 [two-headed ogre/+0 giant club (20)]
 11135 | D:10     | HP: 1/79 [shot self (2)]
 11135 | D:10     | Killed a two-headed ogre
 11674 | D:10     | Noticed a manticore
 11690 | D:10     | Killed a manticore
 12004 | D:10     | Noticed a four-headed hydra
 12004 | D:10     | Noticed a boulder beetle
 12345 | D:10     | Slain by a four-headed hydra

Illustrated notes

Levels and vault maps discovered:
D:1:      elethiomel_arrival_fortress_basement, layout_basic,
          serial_bayou_pond_e, minmay_split_cup_small
D:2:      minmay_angry_zag, layout_rooms, basic_altar
D:3:      layout_loops_ring, nicolae_gozag_cash_rules_everything_around_me
D:4:      layout_basic, uniq_sigmund, uniq_ijyb, uniq_pikel
D:5:      layout_cave_pods, minitemple, minmay_temple_entry_statues_pillars,
          serial_shops, nicolae_shop_window_shopping, kennysheep_generic_room_5
D:6:      layout_loops_cross
D:7:      dreamdust_elfheim, layout_basic
D:8:      wad_pebble_path, layout_loops_ring, serial_shops,
          nicolae_stop_n_shop_1, nicolae_figureground_pulse
D:9:      layout_basic, serial_rivers, chequers_serial_rivers_large_a,
          chequers_serial_rivers_small_b, chequers_serial_rivers_small_b,
          chequers_serial_rivers_micro_a,
          nicolae_concentric_dashed_squares_mild, minivault_24
D:10:     minmay_the_grid_triangle_9x9_rhombus_full
          [minmay_the_grid_triangle_9x9_alien,
          minmay_the_grid_triangle_9x9_warning,
          minmay_the_grid_triangle_9x9_intruding_spiral,
          minmay_the_grid_triangle_9x9_checkered,
          minmay_the_grid_triangle_9x9_cache,
          minmay_the_grid_triangle_9x9_sparse_checkered,
          minmay_the_grid_triangle_9x9_swiss_cheese,
          minmay_the_grid_triangle_9x9_prize_schism], layout_loops_ring,
          nicolae_dithmenos_through_a_glass_darkly,
          mainiacjoe_overflow_catch_the_wave, serial_shops,
          nicolae_shop_overgrown_old_shop, nicolae_shop_statue_plus,
          nicolae_square_shop, nicolae_shop_behind_doors,
          chequers_guarded_unrand_ignorance
Temple:   nicolae_temple_slightly_damp_pantheon

Skill      XL: |  1  2  3  4  5  6  7  8  9 10 11 |
---------------+----------------------------------+-----
Unarmed Combat | 4 5 6 7 9 11 13 | 13.6
Spellcasting   | 2 3 4 5 6 |  6.8
Fighting       | 2 3 4 5 |  5.9
Stealth        | 1 2 3 |  3.0
Dodging        | 3 4 5 6 |  6.1
Shields        | |  0.1

Action                   |  1- 3 |  4- 6 |  7- 9 | 10-12 || total
-------------------------+-------+-------+-------+-------++-------
Melee: Unarmed           |   125 |   199 |   239 |   298 ||   861
       Headbutt          |    16 |    19 |    25 |       ||    60
       Punch             |     3 |     1 |    10 |     1 ||    15
 Cast: Beastly Appendage |    23 |    27 |    18 |       ||    68
       Ensorcelled Hiber |       |     6 |     3 |     2 ||    11
       Spider Form       |       |     3 |    13 |    16 ||    32
       Wereblood         |       |     1 |       |     1 ||     2
       Kindle Blastspark |       |       |     8 |    11 ||    19
       Ice Form          |       |       |     2 |    10 ||    12
       Summon Guardian G |       |       |     1 |     4 ||     5
       Sticky Flame      |       |       |       |     1 ||     1
Invok: Curse Item        |       |       |     1 |     1 ||     2
  Use: Potion            |       |     1 |       |       ||     1
 Stab: Sleeping          |     1 |     3 |     1 |       ||     5
       Distracted        |       |       |     1 |       ||     1
Armor: Robe              |    16 |    14 |    22 |     4 ||    56
       Skin              |       |       |     6 |    20 ||    26
Dodge: Dodged            |    88 |   154 |   243 |   312 ||   797
Block: Buckler           |       |       |       |     4 ||     4

Table legend: (Time is in decaauts)
 A = Elapsed time spent in this place.
 B = Non-inter-level travel time spent in this place.
 C = Inter-level travel time spent in this place.
 D = Time resting spent in this place.
 E = Time spent auto-exploring this place.
 F = Levels seen in this place.
 G = Mean time per level.
                   A        B        C        D        E       F      G
               +--------+--------+--------+--------+--------+-----+--------+
         Total |  12227 |  11915 |    312 |    776 |   9008 |  11 | 1111.5 |
       Dungeon |  11994 |  11704 |    290 |    776 |   8817 |  10 | 1199.4 |
        Temple |    232 |    210 |     22 |      0 |    191 |   1 |  232.0 |
               +--------+--------+--------+--------+--------+-----+--------+

Top non-repeatable levels by time:
    D:10: 1871 daAuts
     D:9: 1687 daAuts
     D:7: 1381 daAuts
     D:5: 1265 daAuts
     D:1: 1167 daAuts
     D:3: 1129 daAuts
     D:4: 1022 daAuts
     D:8: 947 daAuts
     D:6: 794 daAuts
     D:2: 727 daAuts
  Temple: 232 daAuts
